 Dungeon Crawl Stone Soup version 0.20-a0-537-g052e6ba (webtiles) character file.

5113 HAL9000 the Fencer (level 10, -4/70 HPs)
             Began as a Barachian Berserker on Jan 27, 2017.
             Was an Elder of Trog.
             Slain by a killer bee (6 damage)
             ... on level 8 of the Dungeon.
             The game lasted 00:20:33 (7822 turns).

HAL9000 the Fencer (Barachian Berserker)            Turns: 7822, Time: 00:20:34

Health: -4/70      AC: 14    Str: 17    XL:     10   Next: 58%
Magic:  10/10      EV:  5    Int:  5    God:    Trog [****..]
Gold:   204        SH:  5    Dex: 13    Spells: 9/9 levels left

rFire    + + .     SeeInvis .   E - +0 falchion (protect)
rCold    x . .     Gourm    .   q - +0 plate armour
rNeg     . . .     Faith    .   N - +2 buckler
rPois    .         Spirit   .   f - +1 hat {MR+}
rElec    .         Reflect  .   V - +0 cloak (curse)
rCorr    .         Harm     .   (no gloves)
MR       +....                  x - +0 pair of boots
Stlth    ..........             (no amulet)
Regen    0.3/turn               t - ring of protection from fire
                                C - ring of fire

@: exhausted, slow
A: swims, slowness 1, strong legs 1
a: Hop, Berserk, Trog's Hand, Brothers in Arms, Burn Spellbooks, Renounce
Religion


You were on level 8 of the Dungeon.
You worshipped Trog.
Trog was greatly pleased with you.
You were very hungry.

You visited 1 branch of the dungeon, and saw 8 of its levels.

You collected 204 gold pieces.

Inventory:

Hand Weapons
 E - a +0 falchion of protection (weapon)
Armour
 f - a +1 hat of magic resistance (worn)
 q - a +0 plate armour (worn)
 x - a +0 pair of boots (worn)
 N - a +2 buckler (worn)
 V - a cursed +0 cloak (worn)
Jewellery
 n - an uncursed ring of flight
 t - a ring of protection from fire (right hand)
 C - a ring of fire (left hand)
Wands
 X - a wand of flame (6/48)
Scrolls
 g - 2 scrolls of teleportation
 y - a scroll of magic mapping
 I - 2 scrolls of remove curse
 W - a scroll of enchant weapon {unknown}
 Y - a scroll of identify
Potions
 d - 2 potions of agility
 e - a potion of berserk rage {unknown}
 h - a potion of degeneration {unknown}
 j - 7 potions of curing
 o - a potion of invisibility {unknown}
 r - 2 potions of flight {unknown}
 u - 3 potions of haste
 v - 2 potions of heal wounds
 w - a potion of might {unknown}
 z - a potion of beneficial mutation {unknown}
 A - a potion of brilliance {unknown}
 G - a potion of cancellation {unknown}
Comestibles
 c - 4 bread rations


   Skills:
 - Level 3.2 Fighting
 + Level 15.9 Long Blades
 - Level 2.1 Armour
 - Level 2.0 Dodging


You had 9 spell levels left.
You didn't know any spells.

Dungeon Overview and Level Annotations

Branches:
Dungeon (9/15)             Temple (0/1) D:5            Lair (0/6) D:8
    Orc: D:9-12

Altars:
Hepliaklqana
Sif Muna
Vehumet
Yredelemnul


Innate Abilities, Weirdness & Mutations

You can swim through water.
You cover ground slowly.
You can hop short distances.


Message History

You feel very sick.
You feel sick.
You feel sick.
You feel sick.
You feel sick.
You feel sick.
You feel sick.
You feel sick.
You feel sick.
You start resting.
You feel sick. x5
A killer bee comes into view.
A killer bee is nearby!
A killer bee is nearby!
A killer bee is nearby!
A killer bee comes into view.
You feel yourself speed up.
You feel sick.
You are no longer poisoned.
The killer bee stings you.
You die...

##..........................
......yy....#########..#####
#.....#...# #..## #.........#
#...## #.#._.#.# ##...# #.......#
#...### #...#...# ##....#
#.....y)# #..... #..####@# ####..
#.## #.)# ####..
##########..###.## #########.....
................####.........####
####.#######.........#########
##.##†# ####.###### #....#.# #.#
#..##.#a# #.# #..# #(#.# #.#


You could see 3 killer bees.

Vanquished Creatures
  A two-headed ogre (D:8)
  Maurice (D:9)
  A komodo dragon (D:8)
  A hornet (D:8)
  2 hippogriffs
  A wyvern (D:8)
  4 yaks
  A soldier ant (D:8)
  2 orc warriors
  An ice beast (D:9)
  A sky beast (D:8)
  3 black bears
  2 ogres
  2 centaurs
  3 bullfrogs
  2 big kobolds
  A water moccasin zombie (D:5)
  3 scorpions
  2 crimson imps (D:5)
  A centaur zombie (D:9)
  3 hounds
  2 jellies (D:8)
  2 centaur skeletons
  4 orc priests
  7 orc wizards
  3 iguanas
  Ijyb (D:3)
  4 worker ants
  6 adders
  An ooze (D:2)
  An adder skeleton (D:8)
  4 worms
  2 dart slugs
  3 leopard geckos
  32 orcs
  4 giant cockroaches
  7 goblins
  6 hobgoblins
  4 jackals (D:4)
  17 kobolds
  10 quokkas
  6 bats
  3 frilled lizards
  A giant cockroach zombie (D:5)
  A leopard gecko skeleton (D:4)
  2 quokka skeletons (D:5)
  5 rats
176 creatures vanquished.

Vanquished Creatures (others)
  An iguana (D:5)
  2 worker ants (D:5)
  A plant (D:8)
4 creatures vanquished.

Grand Total: 180 creatures vanquished

Notes
Turn   | Place    | Note
-------+----------+-------------------------------------------
     0 | D:1      | HAL9000 the Barachian Berserker began the quest for the Orb.
     0 | D:1      | Reached XP level 1. HP: 18/18 MP: 1/1
   463 | D:1      | Reached XP level 2. HP: 17/24 MP: 2/2
   604 | D:1      | Reached skill level 4 in Long Blades
   816 | D:2      | Found a deep blue altar of Sif Muna.
   995 | D:2      | Reached XP level 3. HP: 25/29 MP: 3/3
  1697 | D:2      | Reached skill level 5 in Long Blades
  2158 | D:3      | Reached XP level 4. HP: 35/35 MP: 4/4
  2163 | D:3      | Reached ** piety under Trog
  2163 | D:3      | Reached skill level 6 in Long Blades
  2336 | D:3      | Reached XP level 5. HP: 38/41 MP: 5/5
  2669 | D:3      | Noticed Ijyb
  2684 | D:3      | Killed Ijyb
  2684 | D:3      | Reached skill level 7 in Long Blades
  2938 | D:3      | Reached XP level 6. HP: 47/47 MP: 6/6
  3137 | D:4      | Reached skill level 8 in Long Blades
  3369 | D:4      | Reached XP level 7. HP: 52/52 MP: 7/7
  3860 | D:4      | Reached *** piety under Trog
  4061 | D:5      | Entered Level 5 of the Dungeon
  4109 | D:5      | Reached skill level 9 in Long Blades
  4462 | D:5      | Reached skill level 10 in Long Blades
  4462 | D:5      | Reached XP level 8. HP: 37/58 MP: 8/8
  4797 | D:5      | Found a sand-covered staircase.
  4940 | D:5      | Found a hazy altar of Hepliaklqana.
  5092 | D:5      | Found a staircase to the Ecumenical Temple.
  5802 | D:6      | Found a basalt altar of Yredelemnul.
  5947 | D:6      | Reached skill level 11 in Long Blades
  5975 | D:6      | You fall through a shaft for 3 floors!
  6080 | D:9      | Noticed Maurice
  6099 | D:9      | Killed Maurice
  6099 | D:9      | Reached skill level 12 in Long Blades
  6099 | D:9      | Reached XP level 9. HP: 64/64 MP: 9/9
  6180 | D:9      | Reached skill level 13 in Long Blades
  6239 | D:8      | Noticed a two-headed ogre
  6537 | D:8      | Reached **** piety under Trog
  6544 | D:8      | Killed a two-headed ogre
  6544 | D:8      | Reached skill level 14 in Long Blades
  6544 | D:8      | Reached XP level 10. HP: 70/70 MP: 10/10
  6571 | D:8      | Reached skill level 15 in Long Blades
  6869 | D:8      | Found a staircase to the Lair.
  7497 | D:8      | Found a radiant altar of Vehumet.
  7789 | D:8      | Paralysed by a hornet for 1 turns
  7810 | D:8      | HP: 3/70 [poisoned by a hornet]
  7817 | D:8      | HP: 3/70 [poisoned by a hornet]
  7822 | D:8      | HP: 2/70 [poisoned by a hornet]
  7822 | D:8      | Slain by a killer bee

Vault maps used:
D:1:      scummos_arrival_checkerplants
D:2:      lemuel_crystal_altar, serial_glass, glass_columns_a, glass_columns_a
D:3:      uniq_iyjb
D:4:      first_bread
D:5:      kennysheep_mini, lemuel_temple_firewalk_b,
          chequers_ossuary_entry_cave, minmay_misc_feat_roman
D:6:      lemuel_crystal_altar, cheibrodos_ashenzari_chains
D:8:      kennysheep_little_box, david_lair_shrubbed, hangedman_pestilent_swarm,
          hangedman_decor_clover_reticule, vehumet_altar_wand_db
D:9:      uniq_maurice

Skill      XL: |  1  2  3  4  5  6  7  8  9 10 |
---------------+-------------------------------+-----
Long Blades    | 4 5 6 7 8 10 12 14 15 | 15.9
Fighting       | |  3.2
Armour         | |  2.1
Dodging        | |  2.0

Action                   |  1- 3 |  4- 6 |  7- 9 | 10-12 || total
-------------------------+-------+-------+-------+-------++-------
Melee: Falchion          |   131 |   125 |   569 |   243 ||  1068
Invok: Berserk           |     2 |     2 |    10 |     4 ||    18
       Trog's Hand       |       |       |     1 |       ||     1
  Use: Scroll            |       |     3 |    11 |       ||    14
  Eat: Chunk             |     6 |     1 |    13 |     3 ||    23
       Meat ration       |       |     1 |     1 |     1 ||     3
       Fruit             |       |       |     1 |       ||     1
       Royal jelly       |       |       |     1 |       ||     1
Armor: Animal skin       |     8 |       |       |       ||     8
       Plate armour      |    52 |    94 |   404 |   154 ||   704
Dodge: Dodged            |    58 |    32 |    96 |    59 ||   245
Block: Buckler           |       |       |    67 |    51 ||   118
       Rpst.: Falchion   |    14 |     6 |    34 |    17 ||    71
